 Dungeon Sprint DCSS version 0.17-a0-1558-g9d24de5 (webtiles) character file.

3460 OdinFK the Grappler (level 9, -1/105 HPs)
             Began as a Troll Berserker on July 20, 2015.
             Was a High Priest of Trog.
             Slain by Sonja
             ... wielding a +0 dagger of draining
              (2 damage)
             ... in the Dungeon (Sprint I: "Red Sonja").
             The game lasted 00:03:43 (520 turns).

OdinFK the Grappler (Troll Berserker)                Turns: 520, Time: 00:03:43

Health: -1/105     AC:  5    Str: 30    XL:     9   Next: 78%
Magic:  8/8        EV: 12    Int:  3    God:    Trog [*****.]
Gold:   551        SH:  0    Dex:  9    Spells: 0 memorised, 8 levels left

rFire  . . .     SeeInvis .       - Unarmed
rCold  . . .     Clarity  .     l - +0 robe {rN+}
rNeg   + . .     SustAt   .     (no shield)
rPois  .         Gourm    +     (helmet restricted)
rElec  .         Spirit   .     (no cloak)
rCorr  .         Warding  .     (gloves unavailable)
rMut   .         NoTele   +     (boots unavailable)
MR     .....                    (no amulet)
Stlth  +.........               (no ring)
                                (no ring)

@: lethally poisoned (-1 -> -18), exhausted, very slightly contaminated, slowed,
heavily drained, very slow, not resistant to hostile enchantments, very
unstealthy
A: unfitting armour, claws 3, fast metabolism 3, gourmand, regeneration 2,
shaggy fur 1, tough skin 2
a: Burn Spellbooks, Berserk, Trog's Hand, Brothers in Arms, Renounce Religion


You were in the Dungeon.
You worshipped Trog.
Trog was extremely pleased with you.
You were not hungry.

You visited 1 branch You collected 551 gold pieces.

Inventory:

Armour
 l - a +0 robe of positive energy (worn)
Potions
 c - a potion of curing
 d - a potion of heal wounds
 e - a potion of haste
 f - 2 potions of magic
 g - a potion of berserk rage
 i - a potion of ambrosia {unknown}
Comestibles
 b - 2 bread rations
 j - 5 fruits


   Skills:
 + Level 11.5(9.3) Fighting
 + Level 11.0(8.8) Dodging
 + Level 13.4(11.1) Unarmed Combat


You had 8 spell levels left.
You didn't know any spells.

Dungeon Overview and Level Annotations

Branches:
Dungeon (1/1)

Altars:
Cheibriados
Dithmenos
Elyvilon
Fedhas
Gozag
Kikubaaqudgha
Makhleb
Nemelex Xobeh
Okawaru
Qazlal
Ru
Sif Muna
Trog
Vehumet
Xom
Yredelemnul
Zin
The Shining One
Jiyva

Shops:
D [

Annotations:
D Sonja


Innate Abilities, Weirdness & Mutations

You are too large for most types of armour.
You have claws for hands.
Your metabolism is lightning-fast.
You like to eat raw meat.
You heal very quickly.
You are covered in fur (AC +1).
You have very tough skin (AC +2).


Message History

You partially resist.
You feel drained.
Sonja hits you with an uncursed dagger of draining.
* * * LOW HITPOINT WARNING * * *
You partially resist.
You feel drained.
Sonja hits you with an uncursed dagger of draining.
* * * LOW HITPOINT WARNING * * *
You partially resist.
You feel drained.
Sonja hits you with an uncursed dagger of draining.
* * * LOW HITPOINT WARNING * * *
You partially resist.
You feel drained. Sonja barely misses you.
Sonja hits you with an uncursed dagger of draining.
* * * LOW HITPOINT WARNING * * *
You partially resist.
You feel drained.
You mangle Sonja!!
Sonja begins to bleed from her wounds!
Sonja is severely wounded.
* * * LOW HITPOINT WARNING * * *
You feel very sick. Sonja closely misses you.
Sonja hits you with an uncursed dagger of draining.
You die...

##########################
#<.#..)..#..'..#__#..'...#
#..').#(.@K.#..'..'..#[..#
#..#####'#####(#__####...†
#..####..#...#(####.[#####
#..#__####..##)#§≈§§.#§§##
#..#_..__##'#..'§≈§§§§.§#
#⌠⌠#_.∩...'..._#(§(..#..#
####_..._##_(#'##'#####+#
#_____###(#.#.))(#
#########K####+###


You could see Sonja (bleeding).

Vanquished Creatures
  2 centaur warriors (D)
  4 demonic crawlers (D)
  2 kobold demonologists (D)
  A slime creature (D)
  Sigmund (D)
  A yak (D)
  An ogre (D)
  A wasp (D)
  A jelly (D)
  Ijyb (D)
  A giant eyeball (D)
16 creatures vanquished.

Notes
Turn   | Place    | Note
--------------------------------------------------------------
     0 | D        | OdinFK the Troll Berserker began the quest for the Orb.
     0 | D        | Reached XP level 1. HP: 22/22 MP: 0/0
     1 | D        | Noticed Ijyb
     7 | D        | Killed Ijyb
     7 | D        | Reached skill level 4 in Unarmed Combat
     7 | D        | Reached XP level 2. HP: 25/32 MP: 1/1
    19 | D        | Noticed an ogre
    23 | D        | Killed an ogre
    23 | D        | Reached skill level 5 in Fighting
    23 | D        | Reached skill level 5 in Dodging
    23 | D        | Reached skill level 6 in Unarmed Combat
    23 | D        | Reached XP level 3. HP: 42/42 MP: 2/2
    23 | D        | Reached XP level 4. HP: 50/50 MP: 3/3
    62 | D        | Noticed Sigmund
    67 | D        | Killed Sigmund
    67 | D        | Acquired Trog's second power
    67 | D        | Reached skill level 8 in Unarmed Combat
    67 | D        | Reached XP level 5. HP: 57/61 MP: 4/4
    67 | D        | Reached XP level 6. HP: 63/68 MP: 5/5
    94 | D        | Found a deep blue altar of Sif Muna.
    95 | D        | Noticed a jelly
    96 | D        | Found a radiant altar of Vehumet.
   102 | D        | Killed a jelly
   118 | D        | Found Imoer's Armour Emporium.
   118 | D        | Found a white marble altar of Elyvilon.
   118 | D        | Found a stormy altar of Qazlal.
   118 | D        | Found a basalt altar of Yredelemnul.
   118 | D        | Found an iron altar of Okawaru.
   118 | D        | Found a sparkling altar of Nemelex Xobeh.
   118 | D        | Found a shimmering altar of Xom.
   118 | D        | Found an ancient bone altar of Kikubaaqudgha.
   118 | D        | Noticed a yak
   122 | D        | Killed a yak
   122 | D        | Reached skill level 9 in Unarmed Combat
   123 | D        | Found a burning altar of Makhleb.
   123 | D        | Found a sacrificial altar of Ru.
   123 | D        | Found a glowing golden altar of the Shining One.
   123 | D        | Found an opulent altar of Gozag.
   123 | D        | Found a glowing silver altar of Zin.
   124 | D        | Found a bloodstained altar of Trog.
   153 | D        | Found a viscous altar of Jiyva.
   153 | D        | Found a blossoming altar of Fedhas.
   153 | D        | Noticed a slime creature
   154 | D        | Found a snail-covered altar of Cheibriados.
   154 | D        | Found a shadowy altar of Dithmenos.
   160 | D        | Killed a slime creature
   160 | D        | Reached skill level 10 in Unarmed Combat
   160 | D        | Reached XP level 7. HP: 51/81 MP: 6/6
   208 | D        | Noticed a centaur warrior
   210 | D        | Noticed a centaur warrior
   234 | D        | Killed a centaur warrior
   234 | D        | Reached skill level 11 in Unarmed Combat
   234 | D        | Reached XP level 8. HP: 32/92 MP: 7/7
   241 | D        | Killed a centaur warrior
   241 | D        | Acquired Trog's third power
   241 | D        | Reached skill level 10 in Fighting
   241 | D        | Reached skill level 12 in Unarmed Combat
   363 | D        | Noticed a kobold demonologist
   365 | D        | Noticed a kobold demonologist
   367 | D        | Killed a kobold demonologist
   367 | D        | Reached skill level 10 in Dodging
   367 | D        | Reached XP level 9. HP: 102/102 MP: 8/8
   367 | D        | Paralysed by a giant eyeball for 3 turns
   373 | D        | Killed a kobold demonologist
   410 | D        | Noticed a demonic crawler
   410 | D        | Noticed a demonic crawler
   410 | D        | Noticed a demonic crawler
   410 | D        | Noticed a demonic crawler
   416 | D        | Killed a demonic crawler
   418 | D        | Killed a demonic crawler
   418 | D        | Reached skill level 13 in Unarmed Combat
   424 | D        | Killed a demonic crawler
   427 | D        | Killed a demonic crawler
   456 | D        | Noticed a wasp
   460 | D        | Killed a wasp
   503 | D        | Noticed Sonja
   519 | D        | HP: 5/105 [Sonja/uncursed dagger of draining (3)]
   520 | D        | HP: 1/105 [poisoned by Sonja (curare-tipped needle)]
   520 | D        | Slain by Sonja

Vault maps used:
D:        dungeon_sprint_1

Action                   |  1- 3 |  4- 6 |  7- 9 || total
-------------------------+-------+-------+-------++-------
Melee: Unarmed           |     8 |    17 |    41 ||    66
Invok: Berserk           |     1 |     1 |     4 ||     6
  Use: Scroll            |       |       |     2 ||     2
  Eat: Chunk             |     2 |     4 |     5 ||    11
